 Dungeon Crawl Stone Soup version 0.31-a0-977-gc230f8ef24 (webtiles) character file.

Game seed: 10674025941061145823

248959 Arzdou the Slayer (level 19, -2/131 (138) HPs)
             Began as a Gargoyle Monk on Oct 29, 2023.
             Was the Champion of Ru.
             Killed from afar by a deep elf sorcerer (41 damage)
             ... with damnation
             ... on level 3 of the Elven Halls.
             The game lasted 01:18:39 (26908 turns).

Arzdou the Slayer (Gargoyle Monk)                  Turns: 26908, Time: 01:18:40

HP:   -2/131 (138)  AC: 52    Str: 34    XL:     19   Next: 58%
MP:   19/35         EV:  7    Int: 17    God:    Ru [******]
Gold: 3741          SH:  6    Dex: 13    Spells: 42/42 levels left

rFire   + + .        S - +7 morningstar of Sunlight {vamp, Str+4 Int+8 Dex-4}
rCold   + + +        E - +0 buckler "Trusted Companion" {Regen+ Int-2 Dex+5}
rNeg    + . .        A - +5 crystal plate armour {rC+}
rPois   ∞            s - +0 helmet of the Chimera {Rampage Str+7}
rElec   +            i - scarf {rC+ rF+}
rCorr   .            r - +1 pair of gloves
SInv    .            b - +0 pair of boots of Satisfaction {rC+}
Will    +....        e - amulet of regeneration Stlth
                     m - +4 ring of slaying
HPRegen 2.01/turn    l - ring of Atruceuc {Fly rElec rF+ rC+}
MPRegen 0.24/turn

%: rampage
@: exhausted, flying, drained
A: sickness immunity, AC +14, big wings, negative energy resistance 1,
electricity resistance, torment resistance 1, petrification resistance,
inability to read after injury 2, no stealth, inability to use devices,
inability to train dodging, no fire magic, no hexes magic, no summoning magic,
passive freeze
}: 2/15 runes: decaying, abyssal
a: Renounce Religion, Draw Out Power, Power Leap, Apocalypse


You were on level 3 of the Elven Halls.
You worshipped Ru.
Ru was exalted by your worship.
You visited 6 branches of the dungeon, and saw 30 of its levels.
You visited the Abyss 3 times.
You also visited: Bailey and Ice Cave.

You collected 4312 gold pieces.
You spent 571 gold pieces at shops.

Inventory:

Hand Weapons
 S - the +7 morningstar of Sunlight (weapon) {vamp, Str+4 Int+8 Dex-4}
   (You found it on level 15 of the Dungeon)

   Str+4:     It affects your strength (+4).
   Int+8:     It affects your intelligence (+8).
   Dex-4:     It affects your dexterity (-4).
Missiles
 I - 2 throwing nets
Armour
 b - the +0 pair of boots of Satisfaction (worn) {rC+}
   (You acquired it on level 3 of the Dungeon)

   rC+:       It protects you from cold.
 f - the +3 pair of boots of Valour {rF++}
   (You found it on level 5 of the Lair of Beasts)

   rF++:      It greatly protects you from fire.
 i - a scarf of resistance (worn)
 r - a +1 pair of gloves (worn)
 s - the +0 helmet of the Chimera (worn) {Rampage Str+7}
   (You acquired it on level 8 of the Dungeon)

   Str+7:     It affects your strength (+7).
   Rampage:   It bestows one free step when moving towards enemies.
 A - a +5 crystal plate armour of cold resistance (worn)
 E - the +0 buckler "Trusted Companion" (worn) {Regen+ Int-2 Dex+5}
   (You acquired it on level 11 of the Dungeon)

   Int-2:     It affects your intelligence (-2).
   Dex+5:     It affects your dexterity (+5).
   Regen+:    It increases your rate of health regeneration.
Jewellery
 d - a +6 ring of strength
 e - an amulet of regeneration (around neck)
 l - the ring of Atruceuc (right hand) {Fly rElec rF+ rC+}
   (You took it off a reaper in an ice cave)

   [ring of protection from cold]

   rF+:       It protects you from fire.
   rC+:       It protects you from cold.
   rElec:     It insulates you from electricity.
   Fly:       It grants you flight.
 m - a +4 ring of slaying (left hand)
 y - a ring of protection from fire
 N - a ring of fire
Scrolls
 a - 2 scrolls of revelation
 g - a scroll of immolation
 h - 2 scrolls of identify
 n - 4 scrolls of fog
 p - 4 scrolls of fear
 t - 4 scrolls of noise
 v - 2 scrolls of enchant weapon
 z - 3 scrolls of vulnerability
 G - 2 scrolls of silence
 H - 4 scrolls of teleportation
 J - a scroll of amnesia
 M - 2 scrolls of brand weapon
Potions
 c - a potion of ambrosia
 j - 3 potions of cancellation
 k - 5 potions of haste
 o - a potion of heal wounds
 q - 5 potions of mutation
 u - 8 potions of enlightenment
 w - 2 potions of resistance
 x - a potion of invisibility
 B - 11 potions of curing
 C - 5 potions of brilliance
 D - 2 potions of attraction
 F - 7 potions of might
 K - 3 potions of lignification
 L - 2 potions of berserk rage


   Skills:
 + Level 21.4 Fighting
 - Level 7.4(11.6) Axes
 - Level 15.2(16.0) Maces & Flails
 + Level 19.6 Armour
 - Level 10.0 Shields
 - Level 12.0 Spellcasting


You had 42 spell levels left.
You didn't know any spells.
Your spell library contained the following spells:

 Spells                   Type           Power      Damage    Failure   Level
 Kiss of Death            Conj/Necr      40%        2d8       52%         1
 Poisonous Vapours        Pois/Air       20%        N/A       67%         2
 Wereblood                Tmut           10%        N/A       67%         2
 Hailstorm                Conj/Ice       10%        3d5       88%         3
 Mephitic Cloud           Conj/Pois/Air  10%        N/A       88%         3
 Ozocubu's Armour         Ice            10%        N/A       88%         3
 Dispel Undead            Necr           10%        3d9       99%         4
 Petrify                  Tmut/Erth      10%        N/A       99%         4
 Freezing Cloud           Conj/Ice/Air   5%         6-21      100%        5
 Irradiate                Conj/Tmut      5%         3d13      100%        5
 Bombard                  Conj/Erth      5%         9d2       100%        6
 Eringya's Noxious Bog    Tmut/Pois      5%         4d6       100%        6
 Simulacrum               Ice/Necr       5%         N/A       100%        6
 Maxwell's Capacitive Co  Air            5%         ∞         100%        8
 Summon Small Mammal      Summ           Unusable   N/A       N/A         1
 Sublimation of Blood     Necr           Unusable   N/A       N/A         2
 Call Canine Familiar     Summ           Unusable   N/A       N/A         3
 Confusing Touch          Hex            Unusable   N/A       N/A         3
 Inner Flame              Hex/Fire       Unusable   N/A       N/A         3
 Sigil of Binding         Hex            Unusable   N/A       N/A         3
 Dimensional Bullseye     Hex/Tloc       Unusable   N/A       N/A         4
 Flame Wave               Conj/Fire      Unusable   2d6       N/A         4
 Leda's Liquefaction      Hex/Erth       Unusable   N/A       N/A         4
 Sticky Flame             Conj/Fire      Unusable   2d3       N/A         4
 Summon Ice Beast         Ice/Summ       Unusable   N/A       N/A         4
 Metabolic Englaciation   Hex/Ice        Unusable   N/A       N/A         5
 Summon Forest            Summ/Tloc      Unusable   N/A       N/A         5
 Yara's Violent Unravell  Hex/Tmut       Unusable   3d4       N/A         5
 Enfeeble                 Hex            Unusable   N/A       N/A         7
 Malign Gateway           Summ/Tloc      Unusable   N/A       N/A         7
 Monstrous Menagerie      Summ           Unusable   N/A       N/A         7

Dungeon Overview and Level Annotations

Branches:
Dungeon (15/15)            Temple (1/1) D:5            Lair (5/5) D:11
  Swamp (4/4) Lair:3       Spider (0/4) Lair:2        Slime (0/5) Lair:4
    Orc (2/2) D:11            Elf (3/3) Orc:2        Vaults (0/5) D:13
 Depths (0/4) D:15         Bailey (visited)           IceCv (visited)

Altars:
Ashenzari
Cheibriados
Dithmenos
Elyvilon
Fedhas
Gozag
Hepliaklqana
Kikubaaqudgha
Makhleb
Nemelex Xobeh
Okawaru
Qazlal
Ru
Sif Muna
Trog
Uskayaw
Vehumet
Wu Jian
Xom
Yredelemnul
Zin
The Shining One

Shops:
D:1 ?   Orc:1 **   Orc:2 :*[(   Elf:3 *?(!

Annotations:
D:13 2 transporters, Jaeviudi's ghost, journeyman GnRe


Innate Abilities, Weirdness & Mutations

You are immune to sickness and miasma.
Your stone body is resilient. (AC +14)
You are immune to poison.
Your large and strong wings let you fly.
You resist negative energy. (rN+)
You are resistant to electric shocks. (rElec)
You are resistant to unholy torment.
You are immune to petrification.
You sometimes lose the ability to read scrolls when taking damage.
You cannot be stealthy.
You cannot study or use magical devices.
You cannot train Dodging skill.
You cannot study or cast Fire magic.
You cannot study or cast Hexes magic.
You cannot study or cast Summoning magic.
A frigid envelope surrounds you and freezes all who hurt you.


Message History

The dire elephant is very cold.
The dire elephant is severely wounded.
You redirect the smoke demon's attack!
Found a runelight.
There is an open door here.
Found a runelight.
The purple draconian shifter is no longer blind.
Found two runelights.
The dire elephant attacks as it pursues you!
The dire elephant tramples you!
You are shoved backwards!
The dire elephant attacks as it pursues you!
The dire elephant tramples you!
You are shoved backwards!
You focus your inner power and illuminate the dire elephant in retribution!
There is a gateway leading out of the Abyss, spattered with blood here.
Unknown command.
You hit the dire elephant but do no damage.
The dire elephant is severely wounded.
The spatial vortex hits you!
* * * LOW HITPOINT WARNING * * *
Space warps horribly around you!
* * * LOW HITPOINT WARNING * * *
The spatial vortex completely resists.
You block the dire elephant's attack.
The dire elephant trunk-slaps you but does no damage.
The dire elephant is very cold.
The dire elephant is severely wounded.
You impale the dire elephant!!
You feel better.
The dire elephant is almost dead.
The dire elephant tramples you but does no damage.
The dire elephant is very cold.
The dire elephant is almost dead.
You block the dire elephant's attack.
You pass through the gate.
Welcome back to the Elven Halls!
Things that are here:
a +0 chain mail; a +0 dagger; an elf skeleton You impale the dire elephant!!
You kill the dire elephant!
The deep elf sorcerer casts a spell at you.
The sphere of damnation explodes!
The damnation engulfs you!!!
You die...

...........###.......
.......e....#........
.....................
.....................
.....................
.....###.........# ...
###.....### . ###[### #@# #.#
#)# #)# #[# #[#
################)############
................[)..........#
........).......[...........#


You could see a deep elf sorcerer.

Vanquished Creatures
  Mara (Swamp:4)
  Bai Suzhen (Swamp:4)
  A tentacled monstrosity (Swamp:4)
  Jorgrun (D:13)
  Rupert (Lair:4)
  A hellephant (Abyss:4)
  A Hell Sentinel (Abyss:2)
  3 deep elf master archers (Elf:3)
  4 deep elf blademasters (Elf:3)
  3 tentacled starspawn
  A thorn hunter (Swamp:4)
  Frances (Elf:1)
  Roxanne (Swamp:2)
  3 fenstrider witches
  A fire giant (D:15)
  6 deep elf sorcerers
  A deep elf elementalist (Elf:3)
  A draconian shifter (Abyss:4)
  An ironbound preserver (D:13)
  The ghost of NigelTetley the Cleaver, a journeyman FoFi of Zin (Lair:5)
  A reaper (IceCv)
  The ghost of GrimJard the Thaumaturge, a journeyman DrCj of Vehumet (Orc:1)
  2 very ugly things (Abyss:4)
  An orc warlord (Orc:1)
  An eleionoma (Swamp:3)
  3 deep elf demonologists
  6 dire elephants
  3 deep elf annihilators
  4 bunyips (Swamp:4)
  2 deep elf death magi (Elf:3)
  A blizzard demon (Abyss:2)
  A fire dragon (Lair:5)
  3 shambling mangroves
  3 deep elf high priests
  A quicksilver dragon skeleton (Abyss:2)
  An ogre mage (D:15)
  A rakshasa (Abyss:2)
  A spriggan air mage (Swamp:4)
  A spriggan skeleton (Abyss:2)
  2 ghost crabs
  Erolcha (D:11)
  20 hydras
  6 alligators
  6 centaur warriors
  5 boulder beetles
  24 dancing weapons
  15 death yaks
  3 tengu warriors
  8 two-headed ogres
  18 deep elf knights
  5 orc high priests
  Nergalle (Lair:2)
  A sixfirhy (Abyss:2)
  2 skysharks
  A spatial maelstrom (Abyss:4)
  2 goliath frogs
  3 skeletal warriors (D:14)
  A wretched star (Abyss:2)
  2 death drakes
  Lodul (D:13)
  A glowing orange brain (D:13)
  5 bog bodies
  9 swamp dragons
  2 spriggan druids
  A glowing orange brain (shapeshifter) (D:14)
  9 deep elf archers
  2 lindwurms (Lair:5)
  33 deep elf pyromancers
  5 orc knights
  2 arcanists
  37 deep elf zephyrmancers
  A mana viper (Abyss:4)
  A manticore (D:14)
  5 orc sorcerers
  8 will-o-the-wisps
  An ugly thing (D:12)
  5 cyclopes
  29 elephants
  A black mamba (Lair:5)
  7 smoke demons
  7 torpor snails
  2 gargoyles
  8 cane toads
  2 ice statues (IceCv)
  An unseen horror (D:11)
  3 rime drakes
  A freezing wraith (D:15)
  7 ice devils (IceCv)
  8 komodo dragons
  3 tengu conjurers
  An anaconda simulacrum (IceCv)
  4 polar bears
  3 ancient zymes
  7 tyrant leeches
  5 trolls
  A bloated husk (Swamp:4)
  12 hornets
  2 hellwings (Abyss:2)
  4 raiju (Abyss:4)
  18 blink frogs
  4 dream sheep (Lair:4)
  5 slime creatures
  4 air elementals
  2 jumping spiders (Lair:2)
  A jumping spider (shapeshifter) (D:13)
  5 wraiths
  35 yaks
  2 spriggans (shapeshifter)
  A vampire (D:10)
  2 water elementals
  11 wyverns
  4 ynoxinuls
  Eustachio (D:6)
  2 fire elementals (Elf:2)
  4 basilisks
  6 vampire mosquitoes
  5 chaos spawn
  A human (shapeshifter) (D:12)
  Grum (D:11)
  5 neqoxecs
  2 redbacks (Lair:2)
  A steam dragon (Lair:1)
  A harpy simulacrum (IceCv)
  A spatial vortex (Abyss:4)
  2 wargs
  9 large abominations
  16 swamp worms
  3 acid dragons
  12 water moccasins
  4 hell hounds (Abyss:2)
  9 swamp drakes
  3 black bears
  34 orc warriors
  21 wolves
  4 boggarts (Lair:2)
  20 ogres
  7 centaurs
  2 kobold brigands
  4 small abominations
  A two-headed ogre simulacrum (Orc:1)
  4 bullfrogs
  2 earth elementals
  2 gnoll sergeants
  6 scorpions
  A cane toad simulacrum (IceCv)
  6 killer bees
  3 elephant simulacra
  An electric eel (Lair:4)
  2 howler monkeys
  2 jellies (Lair:4)
  20 orc priests
  7 hounds
  2 sleepcaps
  20 starcursed masses
  6 iguanas
  Ijyb (D:5)
  7 hell rats (Lair:5)
  32 orc wizards
  4 spriggan simulacra
  3 polar bear simulacra (IceCv)
  4 troll simulacra
  Robin (D:5)
  7 adders
  27 gnolls
  5 naga simulacra
  A shadow imp (D:8)
  5 white imps
  10 ufetubi
  A worm (D:3)
  3 dart slugs
  71 orcs
  3 endoplasms
  7 giant cockroaches
  34 goblins
  40 hobgoblins
  6 quokkas
  6 ball pythons
  10 bats
  3 frilled lizards (D:1)
  26 kobolds
  8 rats
  3 starspawn tentacles
1130 creatures vanquished.

Vanquished Creatures (others)
  A tentacled starspawn (Abyss:2)
  An eleionoma (Lair:3)
  A deep elf demonologist (Elf:3)
  A deep elf death mage (Elf:2)
  2 hydras
  An alligator (Swamp:4)
  A dancing weapon (Elf:2)
  A deep elf knight (Elf:2)
  A deep elf archer (Elf:2)
  3 deep elf pyromancers
  3 bloated husks
  A troll (D:13)
  A blink frog (Lair:5)
  A basilisk (Lair:4)
  A harpy simulacrum (IceCv)
  A black bear (Lair:1)
  2 wolves
  A starcursed mass (Abyss:2)
  A gnoll (D:5)
  An orc (Orc:2)
  32 foxfires
  6 starspawn tentacles
64 creatures vanquished.

Grand Total: 1194 creatures vanquished

Notes
Turn   | Place    | Note
-------+----------+-------------------------------------------
     0 | D:1      | Arzdou the Gargoyle Monk began the quest for the Orb.
     0 | D:1      | Reached XP level 1. HP: 14/14 MP: 1/1
   152 | D:1      | Reached XP level 2. HP: 19/19 MP: 2/2
   406 | D:1      | Found Uriziol's Magic Scroll Emporium.
   413 | D:1      | Reached XP level 3. HP: 23/23 MP: 3/3
   469 | D:1      | Bought a scroll of identify for 24 gold pieces
   651 | D:1      | Found a faded altar of an unknown god.
  1183 | D:2      | Reached XP level 4. HP: 28/28 MP: 4/4
  1585 | D:3      | Reached skill level 5 in Maces & Flails
  1596 | D:3      | Identified the +0 chain mail of Potothul {Dex+3}
  1645 | D:3      | Reached XP level 5. HP: 25/32 MP: 5/5
  2195 | D:3      | Identified 2 scrolls of acquirement
  2196 | D:3      | Acquired a +4 ring of slaying
  2197 | D:3      | Acquired the +0 pair of boots of Satisfaction {rC+}
  2224 | D:3      | Reached XP level 6. HP: 37/37 MP: 6/6
  3087 | D:4      | Reached XP level 7. HP: 41/41 MP: 7/7
  3364 | D:4      | Identified the +3 mace of Okawaru's Supremacy {pain, Will+
                  | rCorr Dex-3}
  3849 | D:5      | Entered Level 5 of the Dungeon
  3974 | D:5      | Found a staircase to the Ecumenical Temple.
  3984 | Temple   | Entered the Ecumenical Temple
  4020 | Temple   | Became a worshipper of Ru the Awakened
  4021 | Temple   | Gained mutation: You cannot train Dodging skill. [Ru
                  | sacrifice]
  4021 | Temple   | Reached * piety under Ru
  4072 | D:5      | Identified the +4 quarterstaff "Pegougg" {heavy, Fly rN+
                  | Will-}
  4281 | D:5      | Reached XP level 8. HP: 44/46 MP: 8/8
  4370 | D:5      | Noticed Ijyb
  4370 | D:5      | Noticed Robin
  4376 | D:5      | Killed Ijyb
  4381 | D:5      | Killed Robin
  4452 | D:5      | Reached skill level 10 in Maces & Flails
  4502 | D:5      | Found a glowing golden altar of the Shining One.
  4502 | D:5      | Found an ancient bone altar of Kikubaaqudgha.
  4687 | D:6      | Reached skill level 4 in Fighting
  4726 | D:6      | Noticed Eustachio
  4743 | D:6      | Killed Eustachio
  4744 | D:6      | Reached skill level 5 in Fighting
  4945 | D:6      | Reached skill level 6 in Fighting
  5289 | D:6      | Identified the +5 dagger "Litoh" {speed, rElec Int+2}
  5347 | D:7      | Reached skill level 7 in Fighting
  5352 | D:7      | Reached XP level 9. HP: 40/57 MP: 9/9
  5404 | D:7      | Reached skill level 8 in Fighting
  5802 | D:7      | Reached skill level 9 in Fighting
  5893 | D:7      | Gained mutation: You occasionally lose the ability to read
                  | scrolls when taking damage. [Ru sacrifice]
  5893 | D:7      | Gained mutation: You sometimes lose the ability to read
                  | scrolls when taking damage. [Ru sacrifice]
  5893 | D:7      | Reached ** piety under Ru
  5991 | D:7      | Found a broken altar of Ashenzari.
  6150 | D:8      | Acquired the +0 helmet of the Chimera {Rampage Str+7}
  6280 | D:8      | Found a flagged portal.
  6301 | Bailey   | Entered a bailey
  6314 | Bailey   | Noticed an orc knight
  6314 | Bailey   | Noticed an orc knight
  6417 | Bailey   | Killed an orc knight
  6418 | Bailey   | Reached skill level 10 in Fighting
  6438 | Bailey   | Killed an orc knight
  6439 | Bailey   | Reached skill level 11 in Fighting
  6439 | Bailey   | Reached XP level 10. HP: 53/70 MP: 10/10
  6486 | Bailey   | Reached skill level 1 in Armour
  6531 | Bailey   | Identified the +5 executioner's axe of Courage {heavy,
                  | rElec rC+ rCorr}
  6637 | Bailey   | Reached skill level 12 in Fighting
  7844 | D:9      | Found an ornate altar of the Wu Jian Council.
  7849 | D:9      | Identified the maw talisman "Qyunueroto" {Stlth+}
  7894 | D:10     | Entered Level 10 of the Dungeon
  7933 | D:10     | Reached skill level 1 in Evocations
  7995 | D:10     | Reached skill level 5 in Armour
  7998 | D:10     | Found a basalt altar of Yredelemnul.
  8011 | D:10     | Gained mutation: You cannot study or use magical devices.
                  | [Ru sacrifice]
  8011 | D:10     | Reached *** piety under Ru
  8011 | D:10     | Reached **** piety under Ru
  8011 | D:10     | Reached ***** piety under Ru
  8136 | D:10     | Reached skill level 1 in Spellcasting
  8274 | D:10     | Identified the +7 trident of Tortfeasance {heavy, Str+4
                  | Int+4}
  8275 | D:10     | Noticed a two-headed ogre
  8285 | D:10     | Killed a two-headed ogre
  8286 | D:10     | Reached skill level 5 in Spellcasting
  8358 | D:10     | Found a hazy altar of Hepliaklqana.
  8365 | D:10     | Found a bloodstained altar of Trog.
  8365 | D:10     | Found a shimmering blue altar of Sif Muna.
  8366 | D:10     | Found an iron altar of Okawaru.
  8482 | D:11     | Noticed Grum
  8485 | D:11     | Killed Grum
  8486 | D:11     | Reached XP level 11. HP: 70/76 MP: 19/19
  8567 | D:11     | Found a staircase to the Orcish Mines.
  8718 | D:11     | Noticed a tengu warrior
  8718 | D:11     | Noticed a tengu warrior
  8724 | D:11     | Killed a tengu warrior
  8728 | D:11     | Killed a tengu warrior
  8966 | D:11     | Noticed a two-headed ogre
  8973 | D:11     | Killed a two-headed ogre
  9417 | D:11     | Noticed Erolcha
  9422 | Abyss:2  | Cast into level 2 of the Abyss (Erolcha)
  9437 | Abyss:2  | Noticed a starcursed mass
  9441 | Abyss:2  | Found a corrupted altar of Lugonu.
  9453 | Abyss:2  | Found a corrupted altar of Lugonu.
  9453 | Abyss:2  | Found a corrupted altar of Lugonu.
  9477 | Abyss:2  | Noticed a shadow dragon
  9544 | Abyss:2  | Acquired the +0 buckler "Trusted Companion" {Regen+ Int-2
                  | Dex+5}
  9597 | Abyss:2  | Noticed a tentacled starspawn
  9599 | Abyss:2  | Noticed a starcursed mass
  9606 | Abyss:2  | Noticed an angel
  9607 | Abyss:2  | Killed a tentacled starspawn
  9608 | Abyss:2  | Reached skill level 10 in Spellcasting
  9722 | Abyss:2  | Gained mutation: You are vulnerable to heat. (rF-) [a
                  | neqoxec]
  9725 | Abyss:2  | Gained mutation: You occasionally lose the ability to drink
                  | potions when taking damage. [a neqoxec]
  9747 | Abyss:2  | Found a corrupted altar of Lugonu.
  9747 | Abyss:2  | Noticed a starcursed mass
  9753 | Abyss:2  | Found a corrupted altar of Lugonu.
  9759 | Abyss:2  | Killed a starcursed mass
  9759 | Abyss:2  | Killed a starcursed mass
  9759 | Abyss:2  | Killed a starcursed mass
  9760 | Abyss:2  | Reached XP level 12. HP: 66/80 MP: 17/26
  9794 | Abyss:2  | Gained mutation: Your body sometimes deteriorates upon
                  | taking damage. [a neqoxec]
  9815 | Abyss:2  | Noticed a large abomination
  9823 | Abyss:2  | Killed a large abomination
  9882 | D:11     | Escaped the Abyss
  9884 | D:11     | Killed Erolcha
  9963 | D:11     | Found a staircase to the Lair.
 10015 | Lair:1   | Entered Level 1 of the Lair of Beasts
 10411 | Lair:1   | Reached skill level 1 in Shields
 10973 | Lair:2   | Noticed a seven-headed hydra
 10995 | Lair:2   | Killed a seven-headed hydra
 11107 | Lair:2   | Reached skill level 5 in Shields
 11393 | Lair:2   | Noticed a skyshark
 11412 | Lair:2   | Killed a skyshark
 11446 | Lair:2   | Found a hole to the Spider Nest.
 11455 | Lair:2   | Reached XP level 13. HP: 75/86 MP: 29/29
 11878 | Lair:2   | Noticed Nergalle
 11889 | Lair:2   | Killed Nergalle
 11890 | Lair:2   | Reached skill level 10 in Shields
 12256 | Lair:3   | Reached skill level 13 in Fighting
 12356 | Lair:3   | Reached skill level 14 in Fighting
 12864 | Lair:3   | Found a staircase to the Swamp.
 12990 | Lair:4   | Noticed Rupert
 13003 | Lair:4   | Reached skill level 15 in Fighting
 13011 | Lair:4   | Killed Rupert
 13037 | Lair:4   | Gained mutation: Your large and strong wings let you fly.
                  | [Gargoyle growth]
 13037 | Lair:4   | Reached XP level 14. HP: 97/99 MP: 27/30
 13067 | Lair:4   | Reached skill level 16 in Fighting
 13361 | Lair:4   | Found a staircase to the Slime Pits.
 13664 | Lair:5   | Entered Level 5 of the Lair of Beasts
 13757 | Lair:5   | Reached skill level 17 in Fighting
 13884 | Lair:5   | Found a runed translucent door.
 13888 | Lair:5   | Noticed NigelTetley's ghost (journeyman FoFi)
 14186 | Lair:5   | Reached skill level 18 in Fighting
 14677 | Lair:5   | Found a runed translucent door.
 14710 | Lair:5   | Reached skill level 19 in Fighting
 14906 | Lair:5   | HP: 1/106 [lindwurm/blast of flame (61)]
 15051 | Lair:5   | Reached skill level 1 in Axes
 15071 | Lair:5   | Reached XP level 15. HP: 98/109 MP: 31/31
 15377 | Lair:5   | Killed NigelTetley's ghost
 15383 | Lair:5   | Identified the +3 pair of boots of Valour {rF++}
 15412 | Lair:5   | Lost mutation: You are vulnerable to heat. (rF-) [potion of
                  | mutation]
 15412 | Lair:5   | Lost mutation: You occasionally lose the ability to drink
                  | potions when taking damage. [potion of mutation]
 15412 | Lair:5   | Lost mutation: Your body sometimes deteriorates upon taking
                  | damage. [potion of mutation]
 15412 | Lair:5   | Gained mutation: A frigid envelope surrounds you and
                  | freezes all who hurt you. [potion of mutation]
 15551 | Orc:1    | Entered Level 1 of the Orcish Mines
 15642 | Orc:2    | Entered Level 2 of the Orcish Mines
 15703 | Orc:1    | Found a frozen archway.
 15762 | IceCv    | Entered an ice cave
 16115 | IceCv    | Identified the ring of Atruceuc {Fly rElec rF+ rC+}
 16349 | Orc:1    | Found a runed translucent gate.
 16349 | Orc:1    | Found a runed translucent gate.
 16349 | Orc:1    | Found a runed translucent gate.
 16358 | Orc:1    | Found an opulent altar of Gozag.
 16359 | Orc:1    | Noticed GrimJard's ghost (journeyman DrCj)
 16371 | Orc:1    | Found Aduo's Assorted Antiques.
 16372 | Orc:1    | Found Vuonoik's Assorted Antiques.
 16388 | Orc:1    | Killed GrimJard's ghost
 16843 | Orc:2    | Found a staircase to the Elven Halls.
 16857 | Orc:2    | Noticed an orc warlord
 17007 | Orc:1    | Killed an orc warlord
 17331 | Orc:2    | Found Koriz's General Store.
 17332 | Orc:2    | Found Zokich's Book Shop.
 17334 | Orc:2    | Found Byoqurch's Antique Armour Boutique.
 17334 | Orc:2    | Found Nafaloj's Antique Weapon Boutique.
 17591 | D:12     | Gained mutation: You cannot be stealthy. [Ru sacrifice]
 17627 | D:12     | Reached skill level 5 in Axes
 17732 | D:12     | Reached skill level 10 in Armour
 18041 | D:12     | Found a stormy altar of Qazlal.
 18122 | D:13     | Noticed Jorgrun
 18182 | D:13     | Killed Jorgrun
 18208 | D:13     | Found a gate to the Vaults.
 18247 | D:13     | Noticed Lodul
 18265 | D:13     | Killed Lodul
 18359 | D:13     | Found a transporter.
 18361 | D:13     | Noticed Jaeviudi's ghost (journeyman GnRe)
 18423 | D:13     | Found a transporter.
 18425 | D:13     | Reached XP level 16. HP: 116/116 MP: 32/32
 19176 | D:15     | Entered Level 15 of the Dungeon
 19192 | D:15     | Identified the +7 morningstar of Sunlight {vamp, Str+4
                  | Int+8 Dex-4}
 19422 | D:15     | Found a staircase to the Depths.
 19594 | D:15     | Found Xoemp's Antique Weapon Boutique.
 19736 | D:15     | Found a hazy altar of Hepliaklqana.
 20040 | Swamp:1  | Entered Level 1 of the Swamp
 20158 | Swamp:1  | Noticed a fenstrider witch
 20161 | Swamp:1  | Paralysed by a fenstrider witch for 2 turns
 20169 | Swamp:1  | Killed a fenstrider witch
 20759 | Swamp:2  | You are sucked into a shaft and drop 1 floor!
 20759 | Swamp:3  | Identified the "Estrer"
 21043 | Swamp:3  | Identified the +7 hand axe "Zohubrab" {spect, Drain rC+
                  | rCorr Int+3}
 21062 | Swamp:3  | Identified the +3 leather armour of Hide-and-Seek {Dex+2}
 21465 | Swamp:2  | Noticed Roxanne
 21496 | Swamp:2  | Killed Roxanne
 21708 | Swamp:4  | Entered Level 4 of the Swamp
 21708 | Swamp:4  | Noticed a thorn hunter
 21880 | Swamp:4  | Noticed Bai Suzhen
 21899 | Swamp:4  | Killed Bai Suzhen
 21900 | Swamp:4  | Reached XP level 17. HP: 122/122 MP: 33/33
 22081 | Swamp:4  | Noticed Mara
 22107 | Swamp:4  | Noticed Arzdou's illusion
 22138 | Swamp:4  | Killed Mara
 22139 | Swamp:4  | Reached skill level 15 in Maces & Flails
 22217 | Swamp:4  | Noticed a tentacled monstrosity
 22224 | Swamp:4  | Killed a tentacled monstrosity
 22457 | Swamp:4  | Got a decaying rune of Zot
 22739 | Vaults:5 | Identified the of Sotacon
 22739 | Elf:1    | Identified the "Pajinuev"
 22739 | Elf:1    | Identified the "Iddeq"
 22739 | Elf:1    | Identified the "Kaafuuc"
 22739 | Elf:1    | Identified the "Riagi"
 22739 | Elf:1    | Entered Level 1 of the Elven Halls
 22783 | Elf:1    | Found a radiant altar of Vehumet.
 22816 | Elf:1    | Paralysed by an air elemental for 1 turns
 22930 | Elf:1    | Noticed Frances
 22952 | Elf:1    | Killed Frances
 22953 | Elf:1    | Reached skill level 20 in Fighting
 22975 | Elf:1    | Found a shimmering blue altar of Sif Muna.
 22994 | Elf:1    | Gained mutation: You cannot study or cast Fire magic. [Ru
                  | sacrifice]
 22994 | Elf:1    | Gained mutation: You cannot study or cast Hexes magic. [Ru
                  | sacrifice]
 22994 | Elf:1    | Gained mutation: You cannot study or cast Summoning magic.
                  | [Ru sacrifice]
 22994 | Elf:1    | Reached ****** piety under Ru
 23440 | Elf:2    | Identified the "Putur"
 23440 | Elf:2    | Identified the of Faicemn
 23440 | Elf:2    | Identified the "Caogank"
 23440 | Elf:2    | Identified the of Kamon
 23440 | Elf:2    | Identified the "Yttelob"
 23465 | Elf:2    | Reached XP level 18. HP: 118/129 MP: 34/34
 23486 | Elf:2    | Reached skill level 15 in Armour
 23764 | Elf:2    | Found a runed translucent gate.
 23765 | Elf:2    | Found a runed translucent gate.
 23765 | Elf:2    | Found a runed translucent gate.
 24433 | Elf:2    | Noticed a deep elf blademaster
 24466 | Elf:3    | Entered Level 3 of the Elven Halls
 24508 | Elf:3    | Killed a deep elf blademaster
 25119 | Elf:3    | Noticed a Brimstone Fiend
 25197 | Elf:3    | Found Keleum's Magic Scroll Emporium.
 25200 | Elf:3    | Found Qewotoro's Distillery.
 25200 | Elf:3    | Found Guad's General Store.
 25222 | Elf:3    | Bought a scroll of teleportation for 39 gold pieces
 25222 | Elf:3    | Bought a scroll of identify for 26 gold pieces
 25222 | Elf:3    | Bought a scroll of teleportation for 39 gold pieces
 25222 | Elf:3    | Bought a scroll of silence for 123 gold pieces
 25226 | Elf:3    | Found Nousk's Weapon Shoppe.
 25229 | Elf:3    | Bought a potion of might for 40 gold pieces
 25229 | Elf:3    | Bought a potion of cancellation for 80 gold pieces
 25229 | Elf:3    | Bought a potion of resistance for 100 gold pieces
 25229 | Elf:3    | Bought a potion of haste for 100 gold pieces
 25767 | Elf:3    | Noticed a deep elf blademaster
 25780 | Elf:3    | Killed a deep elf blademaster
 25865 | Elf:3    | Noticed a deep elf blademaster
 25874 | Elf:3    | Killed a deep elf blademaster
 25897 | Elf:3    | Noticed a deep elf master archer
 25972 | Elf:2    | Reached XP level 19. HP: 136/136 MP: 35/35
 26119 | Abyss:2  | Cast into level 2 of the Abyss (a deep elf sorcerer)
 26232 | Abyss:2  | Paralysed by an air elemental for 1 turns
 26316 | Abyss:2  | Found a corrupted altar of Lugonu.
 26427 | Abyss:2  | Noticed a Hell Sentinel
 26445 | Abyss:2  | Killed a Hell Sentinel
 26446 | Abyss:2  | Reached skill level 21 in Fighting
 26480 | Elf:3    | Escaped the Abyss
 26669 | Abyss:4  | Cast into level 4 of the Abyss (a deep elf sorcerer)
 26854 | Abyss:4  | Noticed a hellephant
 26868 | Abyss:4  | Killed a hellephant
 26875 | Abyss:4  | Found a corrupted altar of Lugonu.
 26875 | Abyss:4  | Noticed a hellephant
 26895 | Abyss:4  | Got an abyssal rune of Zot
 26907 | Elf:3    | Escaped the Abyss
 26908 | Elf:3    | Killed from afar by a deep elf sorcerer

Illustrated notes

Levels and vault maps discovered:
D:1:      roderic_chinese_lattice_arrival, layout_loops_ring, serial_shops,
          nicolae_shop_tiny_waterfront, shapermc_ecumenical_altar_ellora,
          st_stairs_5
D:2:      layout_loops_ring
D:3:      minmay_goblin_kobold_castle, layout_rooms
D:4:      layout_basic, reono_crystal_passage
D:5:      layout_basic, gammafunk_temple_overflow_elements,
          minmay_temple_entry_mist, nicolae_goblin_pals
D:6:      layout_gridville, uniq_eustachio
D:7:      layout_loops_ring, lemuel_tele_altar, nicolae_underground_beach
D:8:      layout_gridville, enter_bailey_5
D:9:      layout_loops_ring, mainiacjoe_overflow_alcove_4
D:10:     layout_basic, mainiacjoe_overflow_brackets,
          chequers_temple_overflow_statue_of_worship
D:11:     layout_stronghold, lair_entry_dummy, orc_0_dummy, uniq_erolcha,
          uniq_grum
D:12:     layout_rooms, grunt_qazlal_sundering
D:13:     layout_roguey, hellmonk_vaults_order_and_chaos,
          gammafunk_ghost_mausoleum, uniq_jorgrun, uniq_lodul
D:14:     layout_loops_ring, nicolae_concentric_dashed_squares_mild
D:15:     grunt_enter_depths_giant_problem, layout_long_grid, serial_shops,
          shop, amcnicky_mini_pool_small, serial_bayou_pond_e,
          columned_hall_lemuel, nicolae_hepliaklqana_hippocampus
Temple:   hellmonk_temple_forest_ring
Lair:1:   layout_cave_pods, minmay_holes, nicolae_lair_grove_arrangements,
          grunt_megastairs_1, infiniplex_staircase_pool_2, lemuel_fruit_fields
Lair:2:   layout_cave_pods, spider_nest_entry_a, kilobyte_rumbling_trees,
          serial_bayou_shore_b, serial_bayou_shore_b, uniq_nergalle
Lair:3:   layout_long_grid, mainiacjoe_swamp_entry_lozenge_pond
Lair:4:   layout_concentric_octagons, minmay_slime_entry_pillars, serial_forest,
          infiniplex_forest_lined_room_2, infiniplex_forest_straight_3,
          infiniplex_forest_straight_4, infiniplex_forest_clump_long,
          infiniplex_forest_straight_5, infiniplex_forest_clump_small,
          lemuel_fruit_tree, grunt_megastairs_2, lemuel_fruit_fields,
          infiniplex_staircase_pool, uniq_rupert
Lair:5:   wormcave, layout_hall_layers, ebering_ghost_reflecting_pool
Swamp:1:  layout_basic_swamp, nicolae_swamp_very_dense_foliage
Swamp:2:  layout_falls_marsh, wheals_swamp_sinkhole, swamp_pool1, uniq_roxanne
Swamp:3:  layout_falls_marsh, hangedman_swamp_ruin_wall,
          nicolae_swamp_wisp_ring_woods
Swamp:4:  swamp, layout_basic_swamp, uniq_bai_suzhen, uniq_mara
Orc:1:    layout_caves, ebering_ghost_gozag,
          portal_ice_cave_entry_ice_simulacra, basic_altar,
          nicolae_orc_tapped_out
Orc:2:    st_orc_congregation, layout_caves, basic_altar
Elf:1:    eino_elf_arrival_altar, layout_rooms, basic_altar, minmay_elf_sorcery,
          hangedman_elven_pyramids, bh_hangedman_babel_library, uniq_frances
Elf:2:    nicolae_elf_blades_crystal_corner, layout_loops_corners,
          lemuel_flame_loot_1
Elf:3:    minmay_elf_hall, layout_onion_city, minmay_shoptagon

Skill      XL: |  1  2  3  4  5  6  7  8  9 10 11 12 13 14 15 16 17 18 19 |
---------------+----------------------------------------------------------+-----
Maces & Flails | 4 5 6 7 9 10 13 15 | 15.2
Dodging        | 0 |  0.0
Fighting       | 7 11 12 15 19 20 21 | 21.4
Armour         | 5 11 12 14 18 19 | 19.6
Evocations     | 0 |  0.0
Spellcasting   | 5 10 12 | 12.0
Shields        | 8 10 | 10.0
Axes           | 1 6 7 |  7.4

Action                     |  1- 3 |  4- 6 |  7- 9 | 10-12 | 13-15 | 16-18 | 19-21 || total
---------------------------+-------+-------+-------+-------+-------+-------+-------++-------
  Melee: Mace              |   113 |   238 |   288 |   633 |  1022 |       |       ||  2294
         Broad axe         |       |       |       |       |   354 |    51 |       ||   405
         Morningstar       |       |       |       |       |       |   957 |   319 ||  1276
 Invoke: Sacrifice Nimblen |       |       |     1 |       |       |       |       ||     1
         Sacrifice Words   |       |       |     1 |       |       |       |       ||     1
         Apocalypse        |       |       |       |     7 |    12 |     3 |     1 ||    23
         Sacrifice Artific |       |       |       |     1 |       |       |       ||     1
         Draw Out Power    |       |       |       |     1 |     4 |     1 |       ||     6
         Sacrifice Stealth |       |       |       |       |     1 |       |       ||     1
         Reject Sacrifices |       |       |       |       |       |     1 |       ||     1
         Sacrifice Arcana  |       |       |       |       |       |     1 |       ||     1
         Power Leap        |       |       |       |       |       |     1 |       ||     1
    Use: Scroll            |     1 |     7 |     6 |     9 |     8 |    10 |     4 ||    45
         Potion            |       |       |       |       |     1 |       |     3 ||     4
   Stab: Paralysed         |       |       |       |     7 |    15 |     2 |     6 ||    30
         Distracted        |       |       |       |     5 |     3 |     1 |       ||     9
         Invisible         |       |       |       |     4 |    11 |     3 |     3 ||    21
         Confused          |       |       |       |       |     1 |       |       ||     1
 Armour: Robe              |    56 |     1 |       |       |       |       |       ||    57
         Leather armour    |       |    26 |       |       |       |       |       ||    26
         Chain mail        |       |   188 |   330 |   498 |   938 |       |       ||  1954
         Crystal plate arm |       |       |       |       |   251 |  1008 |   270 ||  1529
  Dodge: Dodged            |    90 |   124 |   134 |   325 |   818 |   180 |    56 ||  1727
  Block: Buckler           |       |       |       |    88 |   488 |   190 |    76 ||   842

Table legend: (Time is in decaauts)
 A = Elapsed time spent in this place.
 B = Non-inter-level travel time spent in this place.
 C = Inter-level travel time spent in this place.
 D = Time resting spent in this place.
 E = Time spent auto-exploring this place.
 F = Levels seen in this place.
 G = Mean time per level.
                   A        B        C        D        E       F      G
               +--------+--------+--------+--------+--------+-----+--------+
         Total |  26710 |  25234 |   1476 |   1489 |  16348 |  35 |  763.1 |
       Dungeon |  11677 |  10890 |    787 |    283 |   8395 |  15 |  778.5 |
        Temple |     58 |     38 |     20 |      0 |      0 |   1 |   58.0 |
          Lair |   5628 |   5273 |    355 |    334 |   3212 |   5 | 1125.6 |
         Swamp |   2471 |   2298 |    173 |    129 |   1488 |   4 |  617.8 |
  Orcish Mines |   1574 |   1478 |     96 |     64 |    925 |   2 |  787.0 |
   Elven Halls |   3411 |   3367 |     44 |    458 |   1863 |   3 | 1137.0 |
         Abyss |    977 |    977 |      0 |     89 |    237 |   3 |  325.7 |
        Bailey |    404 |    404 |      0 |     13 |    151 |   1 |  404.0 |
      Ice Cave |    507 |    507 |      0 |    119 |     77 |   1 |  507.0 |
               +--------+--------+--------+--------+--------+-----+--------+

Top non-repeatable levels by time:
  Lair:5: 1710 daAuts
   Elf:2: 1410 daAuts
  Lair:2: 1356 daAuts
   Elf:3: 1335 daAuts
    D:11: 1263 daAuts
     D:4: 1249 daAuts
     D:3: 1074 daAuts
  Lair:1: 947 daAuts
   Orc:2: 884 daAuts
  Lair:3: 863 daAuts
     D:1: 838 daAuts
 Swamp:3: 791 daAuts
 Abyss:2: 776 daAuts
     D:8: 762 daAuts
     D:5: 760 daAuts
